 Dungeon Crawl Stone Soup version 0.24.0-125-gc4c63601f3 (webtiles) character file.

Game seed: 12053423546217088229, levelgen mode: deterministic

7685 hazymike the Destroyer (level 11, -5/86 HPs)
             Began as a Merfolk Conjurer on Feb 24, 2020.
             Was an Elder of Makhleb.
             Slain by a brown ugly thing (7 damage)
             ... on level 11 of the Dungeon.
             The game lasted 01:30:39 (16101 turns).

hazymike the Destroyer (Merfolk Conjurer)          Turns: 16101, Time: 01:30:40

Health: -5/86      AC: -5    Str: 12    XL:     11   Next: 19%
Magic:  4/17       EV: 14    Int: 15    God:    Makhleb [****..]
Gold:   413        SH:  0    Dex: 14    Spells: 13/18 levels left

rFire    . . .     SeeInvis +   a - +1 halberd
rCold    . . .     Gourm    .   (shield currently unavailable)
rNeg     . . .     Faith    .   N - +0 ring mail (curse)
rPois    .         Spirit   .   n - +0 helmet
rElec    .         Reflect  .   k - +2 cloak
rCorr    .         Harm     .   (no gloves)
MR       .....                  (no boots)
Stlth    ++........             t - amulet of the acrobat
HPRegen  0.24/turn              A - ring of see invisible
MPRegen  0.15/turn              d - +2 ring of protection

@: corroded
A: change form in water, swift swim, stealthy swim
a: Minor Destruction, Lesser Servant of Makhleb, Major Destruction, Renounce
Religion


You were on level 11 of the Dungeon.
You worshipped Makhleb.
Makhleb was greatly pleased with you.
You were not hungry.

You visited 1 branch of the dungeon, and saw 11 of its levels.
You also visited: Sewer.

You collected 491 gold pieces.
You spent 78 gold pieces at shops.

Inventory:

Hand Weapons
 a - a +1 halberd (weapon)
 b - a +5 hunting sling of freezing
 g - a +4 dagger
 i - a +2 dagger of venom
 w - a +2 dagger of holy wrath
 K - a +0 trident
Missiles
 h - 4 atropa-tipped darts
 r - 281 stones
 G - 14 poisoned darts
 M - 40 sling bullets
 S - 6 silver javelins (quivered)
Armour
 k - a +2 cloak (worn)
 n - a +0 helmet (worn)
 x - a +0 scale mail
 N - a cursed +0 ring mail (worn)
 P - a +0 leather armour of cold resistance
Jewellery
 d - a +2 ring of protection (right hand)
 t - an amulet of the acrobat (around neck)
 A - a ring of see invisible (left hand)
 D - an uncursed ring of flight
 Q - an uncursed ring of protection from fire
Wands
 m - a wand of paralysis (8)
 R - a wand of enslavement (8)
Scrolls
 f - 2 scrolls of fear
 l - 2 scrolls of immolation
 p - 2 scrolls of teleportation
 v - 4 scrolls of remove curse
 y - 2 scrolls of enchant weapon
 E - 3 scrolls of holy word {unknown}
 F - 2 scrolls of magic mapping {unknown}
 I - a scroll of blinking
 J - a scroll of enchant armour {unknown}
 L - a scroll of summoning {unknown}
 O - a scroll of random uselessness {unknown}
Potions
 e - a potion of might
 j - 3 potions of lignification
 o - 2 potions of curing
 q - 2 potions of resistance
 s - a potion of heal wounds
 u - 4 potions of haste
 z - a potion of ambrosia
 B - 2 potions of brilliance
 C - 2 potions of magic
Comestibles
 c - 11 rations


   Skills:
 + Level 8.1 Fighting
 * Level 8.2 Polearms
 - Level 8.0 Dodging
 - Level 3.0 Stealth
 + Level 4.0 Spellcasting
 + Level 8.2 Conjurations
 + Level 2.1 Hexes
 + Level 2.1 Necromancy
 + Level 7.8 Invocations


You had 13 spell levels left.
You knew the following spells:

 Your Spells              Type           Power        Failure   Level  Hunger
a - Magic Dart            Conj           ####         1%          1    None
b - Searing Ray           Conj           ####..       1%          2    ##.....
c - Animate Skeleton      Necr           N/A          17%         1    None
d - Confusing Touch       Hex            #.....       17%         1    None

Your spell library contained the following spells:

 Spells                   Type           Power        Failure   Level  Hunger
 Shock                    Conj/Air       ###.         8%          1    None
 Dazzling Spray           Conj/Hex       ###...       14%         3    ###....
 Iskenderun's Mystic Bla  Conj           ####....     14%         4    ####...
 Static Discharge         Conj/Air       ###.....     22%         3    ###....
 Apportation              Tloc           #.....       38%         1    None
 Summon Small Mammal      Summ           #...         38%         1    None
 Fulminant Prism          Conj/Hex       ###.......   43%         4    ####...
 Swiftness                Chrm/Air       #.......     52%         2    ##.....
 Force Lance              Conj/Tloc      ###.....     58%         4    ####...
 Lightning Bolt           Conj/Air       ###.......   91%         5    ######.
 Airstrike                Air            #.........   99%         4    ####...


Dungeon Overview and Level Annotations

Branches:
Dungeon (11/15)            Temple (0/1) D:7            Lair (0/6) D:9
  Sewer (visited)
    Orc: D:9-12

Altars:
Ashenzari
Elyvilon
Makhleb
Qazlal
Ru
Sif Muna

Shops:
D:5 :   D:11 ?

Annotations:
D:4 Grinder
D:5 Prince Ribbit
D:9 exclusion: 3 doors, Erolcha


Message History

You throw a silver javelin.
The silver javelin pierces through the brown ugly thing.
The silver sears the brown ugly thing!
The brown ugly thing is heavily wounded.
The brown ugly thing trunk-slaps you! The acid corrodes you!
You are splashed with acid!
* * * LOW HITPOINT WARNING * * *
Throwing (i - inventory. (/) - cycle)
S - 7 silver javelins (quivered)
Press: ? - help, Shift-Dir - straight line, f/p - brown ugly thing
Aim: a brown ugly thing (heavily wounded, chaotic)
You throw a silver javelin.
The silver javelin pierces through the brown ugly thing but does no damage.
The silver sears the brown ugly thing!
The brown ugly thing is heavily wounded.
The brown ugly thing trunk-slaps you!
* * * LOW HITPOINT WARNING * * *
The acid corrodes you!
You are splashed with acid!
* * * LOW HITPOINT WARNING * * *
The brown ugly thing trunk-slaps you!
You die...

########## #..(.(...#
#..=.....# #..(.....#
#>.(..u..# ##........#
###########....#
#........##.##u#
###........##.##@###.##.
...........'............
∩##........##.....######
..#####.#########.#####
#.# ##.#####..<......#
#.# #.....##.........#
#.## #.....##.#.......#
#..# #.....##.#.......#
##.# #................#


You could see a brown ugly thing.

Vanquished Creatures
  2 two-headed ogres
  Joseph (D:8)
  Psyche (D:9)
  A troll (D:10)
  4 hornets
  3 hippogriffs
  A hungry ghost (D:6)
  2 wargs (D:9)
  A soldier ant (D:7)
  A black bear (D:8)
  3 ice beasts
  4 orc warriors
  4 ogres
  2 centaurs
  6 big kobolds
  3 bullfrogs
  3 scorpions
  3 killer bees (D:8)
  A howler monkey (D:10)
  3 crimson imps
  2 centaur skeletons
  3 jellies
  8 orc priests
  6 hounds
  13 orc wizards
  An iguana (D:7)
  5 worker ants
  2 hound zombies
  5 gnolls
  13 adders
  7 river rats
  5 oozes
  2 adder skeletons
  An adder zombie (D:5)
  6 worms
  4 dart slugs
  7 leopard geckos
  34 orcs
  3 ball pythons
  13 giant cockroaches
  6 goblins
  10 hobgoblins
  7 jackals
  3 quokkas
  3 bats
  3 frilled lizards
  25 kobolds
  2 leopard gecko skeletons
  A quokka zombie (D:7)
  18 rats
267 creatures vanquished.

Vanquished Creatures (others)
  A quokka (D:8)
1 creature vanquished.

Grand Total: 268 creatures vanquished

Notes
Turn   | Place    | Note
-------+----------+-------------------------------------------
     0 | D:1      | hazymike the Merfolk Conjurer began the quest for the Orb.
     0 | D:1      | Reached XP level 1. HP: 13/13 MP: 3/3
   243 | D:1      | Reached XP level 2. HP: 10/20 MP: 0/5
   629 | D:1      | Reached skill level 1 in Fighting
   687 | D:1      | Learned a level 2 spell: Searing Ray
   713 | D:1      | Reached XP level 3. HP: 26/26 MP: 2/6
  1742 | D:2      | Reached XP level 4. HP: 32/32 MP: 4/7
  2516 | D:2      | Found a shimmering blue altar of Sif Muna.
  2665 | D:1      | Reached XP level 5. HP: 26/38 MP: 0/8
  2988 | D:2      | Found a shimmering blue altar of Sif Muna.
  4031 | D:3      | Reached skill level 1 in Polearms
  4154 | D:3      | Reached XP level 6. HP: 29/44 MP: 2/10
  4909 | D:3      | Found a faded altar of an unknown god.
  4917 | D:3      | Became a worshipper of Makhleb the Destroyer
  4917 | D:3      | Reached * piety under Makhleb
  5241 | D:4      | Noticed Grinder
  5251 | D:5      | Entered Level 5 of the Dungeon
  5298 | D:5      | Reached XP level 7. HP: 41/51 MP: 2/11
  5357 | D:5      | Noticed Prince Ribbit
  5374 | D:5      | Found Quugur Racuv's Book Shoppe.
  5422 | D:5      | Found a sacrificial altar of Ru.
  5441 | D:5      | Reached skill level 1 in Invocations
  5623 | D:5      | Found a glowing drain.
  5648 | D:5      | Reached skill level 5 in Conjurations
  5656 | D:5      | HP: 2/52 [ice beast (13)]
  5687 | Sewer    | Entered a sewer
  6104 | Sewer    | Reached skill level 5 in Polearms
  6104 | Sewer    | Reached XP level 8. HP: 58/58 MP: 9/13
  6142 | Sewer    | Reached skill level 5 in Dodging
  6242 | Sewer    | Reached ** piety under Makhleb
  8222 | D:7      | Reached XP level 9. HP: 60/65 MP: 3/15
  8447 | D:7      | Found a staircase to the Ecumenical Temple.
  8659 | D:7      | Reached *** piety under Makhleb
  8818 | D:7      | Learned a level 1 spell: Animate Skeleton
  8820 | D:7      | Learned a level 1 spell: Confusing Touch
  9119 | D:8      | Noticed Joseph
  9388 | D:8      | Found a shattered altar of Ashenzari.
  9455 | D:8      | Found a white marble altar of Elyvilon.
  9655 | D:7      | Reached skill level 1 in Hexes
  9786 | D:8      | Reached skill level 1 in Necromancy
 10107 | D:8      | Reached skill level 5 in Fighting
 10721 | D:8      | Noticed a hornet
 11396 | D:8      | Killed a hornet
 11516 | D:8      | Killed Joseph
 11516 | D:8      | Reached skill level 5 in Invocations
 11516 | D:8      | Reached XP level 10. HP: 74/74 MP: 2/16
 12389 | D:9      | Noticed Psyche
 12420 | D:9      | Reached **** piety under Makhleb
 12428 | D:9      | Found a staircase to the Lair.
 12701 | D:9      | Killed Psyche
 12873 | D:9      | Found a stormy altar of Qazlal.
 13102 | D:9      | Noticed Erolcha
 13156 | D:10     | Entered Level 10 of the Dungeon
 13364 | D:10     | Noticed a two-headed ogre
 13390 | D:10     | Killed a two-headed ogre
 14796 | D:10     | Paralysed by a hornet for 3 turns
 14871 | D:10     | Reached XP level 11. HP: 43/84 MP: 17/17
 15129 | D:10     | Noticed a two-headed ogre
 15143 | D:9      | Killed a two-headed ogre
 15718 | D:11     | Found Cibiy's Magic Scroll Emporium.
 16057 | D:11     | Bought 2 scrolls of identify for 52 gold pieces
 16057 | D:11     | Bought a scroll of identify for 26 gold pieces
 16085 | D:11     | Noticed a brown ugly thing
 16101 | D:11     | HP: 2/86 [acid (9)]
 16101 | D:11     | Slain by a brown ugly thing

Levels and vault maps discovered:
D:1:      dpeg_arrival_lava_temple_mockup, layout_rooms
D:2:      layout_loops_ring, led_sif_pool
D:3:      layout_rooms, chequers_ecumenical_altar_island
D:4:      layout_cave_pools, kennysheep_vampire_church, first_ration,
          uniq_grinder
D:5:      layout_gridville, basic_altar, serial_shops, shop,
          portal_sewer_entry_a, uniq_prince_ribbit1
D:6:      layout_rooms, kennysheep_generic_room_10
D:7:      layout_loops_ring, minmay_temple_entry_wispy,
          kennysheep_decorative_pillar
D:8:      layout_loops_ring, elyvilon_altar_4, hangedman_pestilent_swarm,
          roderic_serpentine_path, evilmike_ruin_ashenzari, uniq_joseph
D:9:      layout_roguey, kennysheep_little_box, erik_lair_orcish_takeover,
          uniq_erolcha, uniq_psyche
D:10:     layout_grid_maze
D:11:     layout_basic, orc_0_dummy, serial_shops, shop, kennysheep_mini

Skill      XL: |  1  2  3  4  5  6  7  8  9 10 11 |
---------------+----------------------------------+-----
Dodging        | 3 4 5 7 8 |  8.0
Fighting       | 1 2 3 4 5 7 8 |  8.1
Stealth        | 3 |  3.0
Conjurations   | 4 5 6 7 8 |  8.2
Polearms       | 1 3 5 7 8 |  8.2
Spellcasting   | 3 4 |  4.0
Invocations    | 1 3 5 7 |  7.8
Hexes          | 2 |  2.1
Necromancy     | 2 |  2.1

Action                   |  1- 3 |  4- 6 |  7- 9 | 10-12 || total
-------------------------+-------+-------+-------+-------++-------
Melee: Dagger            |       |     8 |       |       ||     8
       Halberd           |       |    51 |   300 |   223 ||   574
Throw: Stone             |       |     2 |    27 |       ||    29
       Dart              |       |       |    36 |    48 ||    84
       Javelin           |       |       |       |     2 ||     2
 Cast: Magic Dart        |    85 |   121 |    29 |       ||   235
       Searing Ray       |     1 |    18 |    41 |    16 ||    76
Evoke: Wand              |       |       |       |     2 ||     2
  Use: Scroll            |       |     9 |     3 |     6 ||    18
       Potion            |       |       |       |     4 ||     4
 Stab: Sleeping          |       |     7 |     7 |       ||    14
  Eat: Chunk             |     4 |    13 |    14 |    10 ||    41
       Ration            |       |       |     3 |     2 ||     5
Armor: Robe              |     1 |    16 |       |       ||    17
       Leather armour    |       |    28 |    94 |       ||   122
       Ring mail         |       |       |     2 |    87 ||    89
Dodge: Dodged            |    13 |    77 |   274 |   206 ||   570
